 Dungeon Crawl Stone Soup version 0.19-a0-1740-g0bcaf2e (webtiles) character file.

260 4thArraOfDagon the Slasher (level 5, -9/48 HPs)
             Began as a Minotaur Monk on Oct 1, 2016.
             Shot with an arrow by a centaur (11 damage)
             ... on level 5 of the Dungeon.
             The game lasted 00:02:12 (471 turns).

4thArraOfDagon the Slasher (Minotaur Monk)           Turns: 471, Time: 00:02:13

Health: -9/48      AC:  5    Str: 16    XL:     5   Next: 95%
Magic:  4/4        EV: 13    Int:  7    God:
Gold:   72         SH:  0    Dex: 13    Spells: 0 memorised, 4 levels left

rFire  . . .     SeeInvis .     a - +0 falchion
rCold  . . .     Gourm    .     d - +0 ring mail
rNeg   . . .     Faith    .     (no shield)
rPois  .         Spirit   .     (helmet restricted)
rElec  .         Dismiss  .     (no cloak)
rCorr  .         Reflect  .     (no gloves)
MR     .....     Harm     .     (no boots)
Stlth  +.........               (no amulet)
                                (no ring)
                                (no ring)

@: no status effects
A: retaliatory headbutt, horns 2
a: no special abilities


You were on level 5 of the Dungeon.
You were not hungry.

You visited 1 branch of the dungeon, and saw 5 of its levels.

You collected 72 gold pieces.

Inventory:

Hand Weapons
 a - a +0 falchion (weapon)
Armour
 d - a +0 ring mail (worn)
Potions
 b - a potion of magic
Comestibles
 c - 2 bread rations


   Skills:
 + Level 5.2 Fighting
 * Level 6.2 Long Blades
 + Level 4.5 Dodging
 - Level 1.5 Stealth


You had 4 spell levels left.
You didn't know any spells.

Dungeon Overview and Level Annotations

Branches:
Dungeon (5/15)
 Temple: D:4-7

Altars:


Innate Abilities, Weirdness & Mutations

You reflexively headbutt those who attack you in melee.
You have a pair of horns on your head.


Message History

The centaur shouts!
The centaur shoots an arrow.
The arrow hits you.
* * * LOW HITPOINT WARNING * * *
The centaur shoots an arrow.
The arrow misses you.
Found an arrow and a dark potion.
You see here an arrow.
The centaur shoots an arrow.
The arrow hits you.
* * * LOW HITPOINT WARNING * * *
Found a lumpy purple potion.
Unknown command.
Unknown command.
Unknown command.
The centaur shoots an arrow.
The arrow barely misses you.
You see here an arrow.
Unknown command.
Really walk into that teleport trap?
You enter a teleport trap!
The teleport trap disappears.
Your surroundings seem slightly different.
The centaur shoots an arrow.
The arrow hits you!
You die...

.. ######.# ... #!.....#
#.##......#
.##...../..c###
..............
............ #
..........# <###.#.#
..........##.....#.# .
.......@.(.....# #.####.
........ยง#.###.###......
........##.###.##....>..
.......###.....#.......(
....... #.##..#........
......! #.###..........
....... #.# #.#........
....... ... #.#........
.... ... ..##.......


You could see a centaur.

Vanquished Creatures
  2 ogres
  A hound (D:4)
  An orc priest (D:3)
  A hound skeleton (D:4)
  An ooze (D:2)
  4 orcs (D:3)
  2 hobgoblins (D:2)
  A leopard gecko skeleton (D:4)
  A rat (D:1)
14 creatures vanquished.

Notes
Turn   | Place    | Note
-------+----------+-------------------------------------------
     0 | D:1      | 4thArraOfDagon the Minotaur Monk began the quest for the Orb.
     0 | D:1      | Reached XP level 1. HP: 19/19 MP: 0/0
    35 | D:2      | Reached skill level 4 in Long Blades
   112 | D:2      | Reached XP level 2. HP: 23/27 MP: 1/1
   245 | D:3      | Noticed an ogre
   284 | D:3      | Killed an ogre
   284 | D:3      | Reached skill level 5 in Long Blades
   284 | D:3      | Reached XP level 3. HP: 21/34 MP: 2/2
   284 | D:3      | Reached XP level 4. HP: 26/41 MP: 3/3
   383 | D:4      | Reached XP level 5. HP: 21/47 MP: 4/4
   412 | D:5      | Entered Level 5 of the Dungeon
   413 | D:5      | Noticed a centaur
   442 | D:5      | Noticed an ogre
   446 | D:5      | Killed an ogre
   446 | D:5      | Reached skill level 5 in Fighting
   446 | D:5      | Reached skill level 6 in Long Blades
   469 | D:5      | HP: 2/48 [centaur/arrow (6)]
   471 | D:5      | Shot with an arrow by a centaur

Vault maps used:
D:1:      shiori_arrival_elements
D:2:      first_bread
D:4:      serial_shops, shop, nicolae_gozag_seed_capital
D:5:      nicolae_tso_carved_into_rock

Skill      XL: |  1  2  3  4  5 |
---------------+----------------+-----
Long Blades    | 4 5 6 |  6.2
Fighting       | 4 5 |  5.2
Dodging        | 4 |  4.5
Stealth        | |  1.5

Action                   |  1- 3 |  4- 6 || total
-------------------------+-------+-------++-------
Melee: Falchion          |    16 |    33 ||    49
       Headbutt          |     3 |     7 ||    10
  Use: Potion            |     2 |       ||     2
       Scroll            |       |     2 ||     2
 Stab: Sleeping          |     1 |       ||     1
Armor: Ring mail         |     1 |     4 ||     5
Dodge: Dodged            |     8 |    25 ||    33
